 Dungeon Sprint DCSS version 0.27.1-15-g792fb953b9 (webtiles) character file.

Game seed: 16338959676473776037

597 boopmooplesden the Blocker (level 7, -3/70 HPs)
             Began as a Hill Orc Fighter on Nov 21, 2021.
             Was a Believer of Okawaru.
             Slain by a deep troll (12 damage)
             ... in the Dungeon (Sprint VII: "The Pits").
             The game lasted 00:02:12 (986 turns).

boopmooplesden the Blocker (Hill Orc Fighter)        Turns: 986, Time: 00:02:14

Health: -3/70      AC: 14    Str: 21    XL:     7   Next: 40%
Magic:  6/7        EV:  7    Int:  8    God:    Okawaru [**....]
Gold:   0          SH: 11    Dex: 10    Spells: 6/6 levels left

rFire    . . .     SeeInvis .   o - +0 long sword (holy)
rCold    . . .     Faith    .   c - +0 kite shield
rNeg     . . .     Spirit   .   p - +3 chain mail
rPois    .         Reflect  .   (no helmet)
rElec    .         Harm     .   (no cloak)
rCorr    .         Rampage  .   (no gloves)
Will     .....     NoTele   +   (no boots)
Stlth    ..........             (no amulet)
HPRegen  0.21/turn              (no ring)
MPRegen  0.10/turn              (no ring)

@: mighty
A: no striking features
a: Renounce Religion, Heroism


You were in the Dungeon.
You worshipped Okawaru.
Okawaru was pleased with you.
You visited 1 branch

Inventory:

Hand Weapons
 a - a +0 long sword
 k - a +2 falchion
 o - a +0 long sword of holy wrath (weapon)
Armour
 b - a +0 scale mail
 c - a +0 kite shield (worn)
 p - a +3 chain mail (worn)
Scrolls
 j - a scroll of blinking
 m - 5 scrolls of amnesia
 n - a scroll of summoning
Potions
 e - 6 potions of curing
 f - 3 potions of heal wounds
 g - a potion of haste
 h - 4 potions of magic
 i - 3 potions of berserk rage
 l - 2 potions of invisibility


   Skills:
 + Level 9.0 Fighting
 + Level 8.7 Long Blades
 + Level 9.1 Armour
 + Level 2.9 Dodging
 + Level 0.2 Stealth
 + Level 9.3 Shields
 + Level 0.4 Invocations


You had 6 spell levels left.
You didn't know any spells.
Your spell library was empty.

Dungeon Overview and Level Annotations

Branches:
Dungeon (1/1)

Altars:
Ashenzari
Cheibriados
Dithmenos
Elyvilon
Fedhas
Gozag
Hepliaklqana
Kikubaaqudgha
Makhleb
Nemelex Xobeh
Okawaru
Qazlal
Ru
Sif Muna
Trog
Uskayaw
Vehumet
Wu Jian
Xom
Yredelemnul
Zin
The Shining One
Beogh
Jiyva
Lugonu


Message History

You block the deep troll's attack.
The deep troll claws you but does no damage.
The deep troll misses you.
You closely miss the deep troll. You block the deep troll's attack.
The deep troll claws you. You block the deep troll's attack.
You hit the deep troll but do no damage.
You slash the deep troll!
The deep troll is lightly wounded.
You block the deep troll's attack. x3
You hit the deep troll.
The deep troll is lightly wounded.
The deep troll bites you! The deep troll claws you.
The deep troll claws you but does no damage.
You feel very mighty all of a sudden. The deep troll bites you!
The deep troll claws you! The deep troll claws you.
You feel much better. The deep troll bites you!
You block the deep troll's attack. The deep troll completely misses you.
You hit the deep troll.
The deep troll is moderately wounded.
You feel like a meek peon again.
You slash the deep troll!
The deep troll is heavily wounded.
The deep troll bites you but does no damage.
The deep troll claws you but does no damage. x2
The deep elf pyromancer casts a spell.
You hit the deep troll but do no damage.
The deep troll is heavily wounded.
The deep troll bites you. The deep troll claws you. x2
You barely miss the deep troll.
The deep troll is heavily wounded.
The deep troll bites you.
The deep troll claws you but does no damage.
You block the deep troll's attack.
You hit the deep troll but do no damage.
The deep troll is heavily wounded.
The deep troll bites you but does no damage.
The deep troll claws you!
* * * LOW HITPOINT WARNING * * *
You block the deep troll's attack. The deep troll bites you!
You die...

#.#).).....##.......#
#.#........##.......#
#.#####'#####...<...#
#)#...)))[.##.......#
#)#...).)..##.......#
#)###########.......#
#.......#..##########
#.###...#.## ###
#.#.....#@# O..#
#.#...#.#T#....#
#.....#.#eE☼...+
#...###.#○#○...#
#......)'.#....#
########### ####


You could see a deep troll, a deep elf pyromancer and a fire elemental
(summoned).

Vanquished Creatures
  A floating eye (D)
  An ogre (D)
  2 phantoms (D)
  Blork the orc (D)
  A quasit (D)
  An orc priest (D)
  2 orc wizards (D)
  A hell rat (D)
  3 river rats (D)
  A white imp (D)
  An ufetubus (D)
  4 orcs (D)
  2 endoplasms (D)
  2 hobgoblins (D)
  A kobold (D)
  A quokka (D)
  A rat (D)
26 creatures vanquished.

Vanquished Creatures (others)
  An orc wizard (D)
1 creature vanquished.

Grand Total: 27 creatures vanquished

Notes
Turn   | Place    | Note
-------+----------+-------------------------------------------
     0 | D        | boopmooplesden the Hill Orc Fighter began the quest for the
                  | Orb.
     0 | D        | Reached XP level 1. HP: 19/19 MP: 1/1
    40 | D        | Found a glowing golden altar of the Shining One.
    40 | D        | Found a glowing silver altar of Zin.
    40 | D        | Found a basalt altar of Yredelemnul.
    40 | D        | Found a shimmering altar of Xom.
    40 | D        | Found an ornate altar of the Wu Jian Council.
    40 | D        | Found a bloodstained altar of Trog.
    40 | D        | Found a shimmering blue altar of Sif Muna.
    40 | D        | Found a sacrificial altar of Ru.
    40 | D        | Found a stormy altar of Qazlal.
    40 | D        | Found an iron altar of Okawaru.
    40 | D        | Found a sparkling altar of Nemelex Xobeh.
    40 | D        | Found a burning altar of Makhleb.
    40 | D        | Found a viscous altar of Jiyva.
    40 | D        | Found a hazy altar of Hepliaklqana.
    40 | D        | Found an opulent altar of Gozag.
    40 | D        | Found a blossoming altar of Fedhas.
    40 | D        | Found a white marble altar of Elyvilon.
    40 | D        | Found a shadowy altar of Dithmenos.
    40 | D        | Found a snail-covered altar of Cheibriados.
    41 | D        | Found a radiant altar of Vehumet.
    41 | D        | Found a corrupted altar of Lugonu.
    41 | D        | Found a roughly hewn altar of Beogh.
    42 | D        | Found a hide-covered altar of Uskayaw.
    42 | D        | Found an ancient bone altar of Kikubaaqudgha.
    42 | D        | Found a broken altar of Ashenzari.
    46 | D        | Became a worshipper of Warmaster Okawaru
    68 | D        | Reached XP level 2. HP: 17/28 MP: 2/2
    69 | D        | Noticed a floating eye
    72 | D        | Reached skill level 5 in Fighting
    74 | D        | Killed a floating eye
    74 | D        | Reached * piety under Okawaru
    75 | D        | Reached XP level 3. HP: 22/39 MP: 3/3
    75 | D        | Reached XP level 4. HP: 26/47 MP: 4/4
    81 | D        | Reached XP level 5. HP: 28/52 MP: 5/5
   287 | D        | Noticed a phantom
   288 | D        | Noticed a phantom
   313 | D        | Killed a phantom
   314 | D        | Reached skill level 5 in Long Blades
   314 | D        | Reached skill level 1 in Dodging
   323 | D        | Reached XP level 6. HP: 25/61 MP: 6/6
   572 | D        | Noticed Blork the orc
   576 | D        | Reached XP level 7. HP: 68/69 MP: 7/7
   589 | D        | Killed Blork the orc
   966 | D        | Noticed a deep troll
   966 | D        | Noticed a deep elf pyromancer
   973 | D        | Reached ** piety under Okawaru
   984 | D        | Noticed a fire elemental
   984 | D        | Noticed a fire elemental
   986 | D        | Slain by a deep troll

Illustrated notes

Levels and vault maps discovered:
D:        pitsprint [storerooms_1, entrance_room_1, metal_vault_2, armoury_1,
          mini_pit_1, grid_room_1, main_hall_1, silver_pit, the_coven_2,
          the_vestibule_1, steel_vault_2, golden_pit, hallway_of_sentries,
          crystal_vault_5, iron_vault_4, final_vault]

Skill      XL: |  1  2  3  4  5  6  7 |
---------------+----------------------+-----
Fighting       | 4 7 8 9 |  9.0
Armour         | 4 6 7 8 9 |  9.1
Shields        | 4 6 7 8 9 |  9.3
Long Blades    | 4 5 7 8 |  8.7
Dodging        | 1 2 |  2.9
Stealth        | |  0.2
Invocations    | |  0.4

Action                   |  1- 3 |  4- 6 |  7- 9 || total
-------------------------+-------+-------+-------++-------
Melee: Long sword        |    14 |    88 |    27 ||   129
       Falchion          |       |    11 |       ||    11
Invok: Heroism           |       |       |     2 ||     2
  Use: Potion            |       |     2 |     2 ||     4
Armor: Scale mail        |     7 |    12 |       ||    19
       Chain mail        |       |    60 |    10 ||    70
Dodge: Dodged            |     3 |    26 |    10 ||    39
Block: Kite shield       |     3 |    45 |    14 ||    62
       Rpst.: Long sword |     1 |     5 |     3 ||     9
